 Dungeon Crawl Stone Soup version 0.28.0 (webtiles) character file.

Game seed: 2166356226543238778

217 AmazingTV the Shield-Bearer (level 5, -2/47 HPs)
             Began as a Minotaur Fighter on July 7, 2022.
             Slain by a kobold brigand (3 damage)
             ... in a sewer.
             The game lasted 00:05:59 (2763 turns).

AmazingTV the Shield-Bearer (Minotaur Fighter)      Turns: 2763, Time: 00:06:00

Health: -2/47      AC:  7    Str: 22    XL:     5   Next: 61%
Magic:  5/5        EV:  9    Int:  7    God:
Gold:   36         SH:  4    Dex: 10    Spells: 4/4 levels left

rFire   . . .      SeeInvis .   u - +0 flail "Gifefure" {pain, rPois Int+2, mace}
rCold   . . .      Faith    .   c - +0 buckler
rNeg    . . .      Spirit   .   b - +0 scale mail
rPois   +          Reflect  .   (helmet restricted)
rElec   .          Harm     .   (no cloak)
rCorr   .          Rampage  .   (no gloves)
Will    .....                   (no boots)
Stlth   ..........              (no amulet)
HPRegen 0.15/turn               o - ring of flight
MPRegen 0.09/turn               (no ring)

@: mighty, flying
A: horns 2, retaliatory headbutt
a: no special abilities


You were in a sewer.
You visited 1 branch of the dungeon, and saw 3 of its levels.
You also visited: Sewer.

You collected 36 gold pieces.


Innate Abilities, Weirdness & Mutations

You have a pair of horns on your head.
You reflexively headbutt those who attack you in melee.


   Skills:
 + Level 4.3 Fighting
 + Level 2.2(3.2) Axes
 + Level 3.5(3.9) Maces & Flails
 + Level 4.4 Armour
 + Level 4.5 Shields
 + Level 1.7 Invocations
 + Level 1.4 Evocations


You had 4 spell levels left.
You didn't know any spells.
Your spell library contained the following spells:

 Spells                   Type           Power      Damage    Failure   Level
 Frozen Ramparts          Ice            0%         1d2       99%         3
 Ice Form                 Ice/Tmut       0%         N/A       100%        4
 Summon Ice Beast         Ice/Summ       0%         N/A       100%        4

Inventory:

Hand Weapons
 a - a +0 flail {mace}
 n - a +3 vampiric short sword {short}
   (You took it off Terence on level 2 of the Dungeon)
 p - a +3 dagger of venom {short}
   (You took it off Jessica on level 3 of the Dungeon)
 u - the +0 flail "Gifefure" (weapon) {pain, rPois Int+2, mace}
   (You found it in a sewer)

   In the hands of one skilled in necromantic magic, it inflicts extra damage on
   living creatures.
   Int:       It affects your intelligence (+2).
   rPois:     It protects you from poison.
Missiles
 e - 65 stones (quivered)
 g - 4 poisoned darts
 k - 20 arrows
 s - 26 bolts
 t - a curare-tipped dart {=f}
Armour
 b - a +0 scale mail (worn)
 c - a +0 buckler (worn)
 r - a +0 robe
   (You took it off Jessica on level 3 of the Dungeon)
Jewellery
 o - a ring of flight (left hand)
   (You found it on level 2 of the Dungeon)
Scrolls
 h - 4 scrolls of teleportation {unknown}
 i - a scroll of brand weapon {unknown}
 l - a scroll of magic mapping {unknown}
 m - a scroll of identify {unknown}
Potions
 f - 2 potions of curing {unknown}
 j - a potion of brilliance {unknown}
 q - a potion of attraction {unknown}

Dungeon Overview and Level Annotations

Branches:
Dungeon (3/15)              Sewer (1/1)

Altars:
Fedhas

≈ ≈≈ ≈≈ ≈≈ ≈≈ ≈ ≈≈≈≈≈
######≈##############
P..P≈P≈≈P≈≈.≈≈≈#.!.!#
...≈≈≈≈≈≈....≈≈)..∩.#
......≈≈P...≈≈)K....#
.............))#@..!#
...........†..#######
......†....P..#
............###
...P....#####
.####.### ## ###


You could see a kobold brigand.


Message History

The rat bites you but does no damage.
You sock the rat!
You kill the rat!
You see here a rat corpse.
You reach down and open the large door. 6 kobolds and a kobold brigand come into view.
A kobold is wielding a +0 dagger of speed.
A kobold is wielding a +0 club and quivering poisoned darts.
The kobold brigand is wielding a +0 short sword and quivering poisoned darts.
The kobold shouts! x4; The kobold brigand shouts!
Found four items.
Found a gate leading back out of this place.
You hit the kobold but do no damage. Your headbutt misses the kobold.
The kobold hits you with a +0 dagger of speed.
The kobold closely misses you. You furiously retaliate!
You headbutt the kobold.
You kill the kobold!
You block the kobold's attack. 😕 HP[-3]
You take 3 damage, and now have 44/47 hp.
You thump the kobold!
You kill the kobold! 😕 HP[+1]
You closely miss the kobold. The kobold hits you with a +0 club.
The kobold hits you but does no damage. 😕 HP[-1]
You take 1 damage, and now have 44/47 hp.
You closely miss the kobold brigand. You headbutt the kobold brigand!
You block the kobold's attack.
The kobold throws a stone.
The stone hits you but does no damage.
The kobold brigand hits you with a +0 short sword. 😕 HP[-1]
You take 1 damage, and now have 43/47 hp.
You closely miss the kobold brigand. You block the kobold's attack.
The kobold brigand hits you but does no damage.
You barely miss the kobold brigand. You hit the kobold.
You kill the kobold!
The kobold barely misses you. You furiously retaliate!
You headbutt the kobold.
You kill the kobold! 😕 HP[+1]
You closely miss the kobold. You block the kobold's attack.
The kobold brigand hits you with a +0 short sword.
The kobold hits you but does no damage. 😕 HP[-5]
You take 5 damage, and now have 39/47 hp.
You barely miss the kobold. The kobold hits you but does no damage.
You block the kobold brigand's attack.
The kobold hits you with a +0 short sword.
You block the kobold's attack. 😮 HP[-4]
You take 4 damage, and now have 35/47 hp.
You sock the kobold!
You kill the kobold!
The kobold brigand hits you with a +0 short sword.
The kobold hits you but does no damage.
The kobold brigand hits you with a +0 short sword. 😮 HP[-9]
You take 9 damage, and now have 26/47 hp.
You sock the kobold!
You kill the kobold!
The kobold brigand hits you with a +0 short sword!
* * * LOW HITPOINT WARNING * * *
😨 HP[-6]
You take 6 damage, and now have 20/47 hp.
The kobold brigand throws a poisoned dart.
You block the poisoned dart.
Items here: ( )) †.
There is a large open door here.
You see here a +0 dagger of speed {short}.
You see here the +0 flail "Gifefure" {pain, rPois Int+2, mace}.
u - the +0 flail "Gifefure" {pain, rPois Int+2, mace} You feel clever.
You have a feeling of ineptitude.
u - the +0 flail "Gifefure" (weapon)
{pain, rPois Int+2, mace} You barely miss the kobold brigand.
The kobold brigand hits you with a +0 short sword.
* * * LOW HITPOINT WARNING * * *
😨 HP[-5]
You take 5 damage, and now have 15/47 hp.
Okay, then.
You barely miss the kobold brigand.
The kobold brigand hits you with a +0 short sword.
* * * LOW HITPOINT WARNING * * *
😱 HP[-5]
You take 5 damage, and now have 10/47 hp.
You feel very mighty all of a sudden. You block the kobold brigand's attack.
You sock the kobold brigand!
The kobold brigand hits you with a +0 short sword.
* * * LOW HITPOINT WARNING * * *
The kobold brigand hits you with a +0 short sword.
* * * LOW HITPOINT WARNING * * *
😱 HP[-9]
You take 9 damage, and now have 1/47 hp.
You closely miss the kobold brigand.
Your headbutt misses the kobold brigand.
The kobold brigand hits you but does no damage.
You barely miss the kobold brigand.
Your headbutt misses the kobold brigand.
The kobold brigand hits you with a +0 short sword.
You die...

Skill      XL: |  1  2  3  4 |
---------------+-------------+-----
Axes           | 1 2 |  2.2
Shields        | 4 |  4.5
Invocations    | 1 |  1.7
Fighting       | 4 |  4.3
Maces & Flails | 3 |  3.5
Armour         | 4 |  4.4
Evocations     | 1 |  1.4

Action                   |  1- 3 |  4- 6 || total
-------------------------+-------+-------++-------
Melee: Flail             |   113 |    68 ||   181
       Headbutt          |    12 |     7 ||    19
  Use: Potion            |       |     1 ||     1
Armor: Scale mail        |    60 |    48 ||   108
Dodge: Dodged            |    60 |    29 ||    89
Block: Buckler           |    31 |    27 ||    58

Levels and vault maps discovered:
D:1:      onia_arrival_pentagram, layout_basic,
          ebering_ecumenical_altar_sacrificial, chequers_decorated_corner
D:2:      layout_loops_ring, basic_altar, serial_rivers,
          chequers_serial_rivers_marsh, chequers_serial_rivers_large_b,
          chequers_serial_rivers_small_a, chequers_serial_rivers_micro_e,
          chequers_serial_rivers_room_b, chequers_serial_rivers_small_3,
          uniq_terence
D:3:      minmay_razor_zed, layout_basic, okawaru_trees_2, portal_sewer_entry_c,
          minmay_misc_feat_pillars, uniq_jessica
Sewer:    kennysheep_pipe_town

Notes
Turn   | Place    | Note
-------+----------+-------------------------------------------
     0 | D:1      | AmazingTV the Minotaur Fighter began the quest for the Orb.
     0 | D:1      | Reached XP level 1. HP: 19/19 MP: 0/0
     0 | D:1      | magus.rc [v1.9.6]
   149 | D:1      | Reached XP level 2. HP: 27/27 MP: 1/1
   156 | D:1      | Found a faded altar of an unknown god.
   295 | D:1      | You pick up a book of Rime and begin reading...
   295 | D:1      | You add the spells Frozen Ramparts, Ice Form and Summon Ice
                  | Beast to your library.
   597 | D:1      | Reached XP level 3. HP: 33/33 MP: 2/2
   607 | D:1      | Reached skill level 1 in Axes
   710 | D:1      | Reached skill level 4 in Shields
   948 | D:1      | Reached skill level 1 in Invocations
  1397 | D:2      | Found a blossoming altar of Fedhas.
  1703 | D:2      | Noticed Terence
  1722 | D:2      | Killed Terence
  1723 | D:2      | Reached skill level 4 in Fighting
  1723 | D:2      | Reached skill level 3 in Maces & Flails
  1723 | D:2      | Reached skill level 4 in Armour
  1723 | D:2      | Reached skill level 1 in Evocations
  1723 | D:2      | Reached XP level 4. HP: 24/40 MP: 3/3
  2200 | D:3      | Noticed Jessica
  2205 | D:3      | Killed Jessica
  2377 | D:3      | Found a glowing drain.
  2404 | Sewer    | Entered a sewer
  2458 | Sewer    | Noticed a kobold brigand
  2469 | Sewer    | Killed a kobold brigand
  2470 | Sewer    | Reached skill level 2 in Axes
  2470 | Sewer    | Reached XP level 5. HP: 18/47 MP: 5/5
  2755 | Sewer    | Identified the +0 flail "Gifefure" {pain, rPois Int+2}
  2759 | Sewer    | HP: 10/47 [kobold brigand (6)]
  2761 | Sewer    | HP: 1/47 [kobold brigand (5)]
  2763 | Sewer    | Slain by a kobold brigand

Vanquished Creatures
  A kobold brigand (Sewer)
  Jessica (D:3)
  Terence (D:2)
  A river rat (D:3)
  2 worms
  2 dart slugs (D:1)
  6 bats
  7 endoplasms
  4 giant cockroaches
  6 hobgoblins
  7 jackals (D:1)
  2 quokkas (D:1)
  7 ball pythons
  4 frilled lizards
  4 goblins
  10 kobolds
  10 rats
75 creatures vanquished.

Vanquished Creatures (others)
  A plant (Sewer)
1 creature vanquished.

Grand Total: 76 creatures vanquished

Table legend:
 A = Non-vault XP
 B = Vault XP
 C = Vault XP percentage of total XP
 D = Non-vault monster count
 E = Vault monster count
 F = Vault count percentage of total count
                 A         B        C        D         E       F
            +---------+---------+-------+---------+---------+-------
      Total |      88 |     222 |  71.6 |      50 |      25 |  33.3
            +---------+---------+-------+---------+---------+-------
        D:1 |      59 |       0 |   0.0 |      34 |       0 |   0.0
        D:2 |      27 |      36 |  57.1 |      15 |       1 |   6.2
        D:3 |       2 |      67 |  97.1 |       1 |      11 |  91.7
      Sewer |       0 |     119 | 100.0 |       0 |      13 | 100.0
            +---------+---------+-------+---------+---------+-------

Illustrated notes

Table legend:
 A = Kills in this place as a percentage of kills in entire the game.
 B = Kills by you in this place as a percentage of kills by you in the entire game.
 C = Kills by friends in this place as a percentage of kills by friends in the entire game.
 D = Other kills in this place as a percentage of other kills in the entire game.
 E = Experience gained in this place as a percentage of experience gained in the entire game.
 F = Experience gained in this place divided by the number of levels of this place that you have seen.
                   A       B       C       D       E      F
               +-------+-------+-------+-------+-------+----------------------
         Total | 100.0 | 100.0 |   N/A |   N/A | 100.0 |  77.5
       Dungeon |  82.7 |  82.7 |   N/A |   N/A |  61.6 |  63.7
         Sewer |  17.3 |  17.3 |   N/A |   N/A |  38.4 | 119.0
               +-------+-------+-------+-------+-------+----------------------

Table legend: (Time is in decaauts)
 A = Elapsed time spent in this place.
 B = Non-inter-level travel time spent in this place.
 C = Inter-level travel time spent in this place.
 D = Time resting spent in this place.
 E = Time spent auto-exploring this place.
 F = Levels seen in this place.
 G = Mean time per level.
                   A        B        C        D        E       F      G
               +--------+--------+--------+--------+--------+-----+--------+
         Total |   2846 |   2768 |     78 |    433 |   1832 |   4 |  711.5 |
       Dungeon |   2479 |   2401 |     78 |    223 |   1753 |   3 |  826.3 |
         Sewer |    367 |    367 |      0 |    210 |     79 |   1 |  367.0 |
               +--------+--------+--------+--------+--------+-----+--------+

Top non-repeatable levels by time:
     D:1: 1205 daAuts
     D:2: 1062 daAuts
   Sewer: 367 daAuts
     D:3: 211 daAuts
